 Dungeon Crawl Stone Soup version 0.30.1-11-g7821555f0a (webtiles) character file.

Game seed: 13892930949359661404

8463 unlimited1921 the Thaumaturge (level 11, -1/68 HPs)
             Began as a Djinni Fire Elementalist on Oct 29, 2023.
             Was an Initiate of Ashenzari.
             Slain by a komodo dragon (13 damage)
             ... on level 1 of the Lair of Beasts.
             The game lasted 00:48:18 (16089 turns).

unlimited1921 the Thaumaturge (DjFE)               Turns: 16089, Time: 00:48:18

Health: -1/68      AC:  7    Str:  7    XL:     11   Next: 56%
Gold:   434        EV: 16    Int: 22    God:    Ashenzari [......] SH:  9 Dex: 13

rFire   + + +        x - +7 flail "Share My Elitism" {holy, Cun, Fort} (curse)
rCold   x . .        e - +0 kite shield
rNeg    . . .        P - +0 troll leather armour
rPois   ∞            (no helmet)
rElec   .            z - +0 cloak
rCorr   .            c - +0 pair of gloves
SInv    .            (boots unavailable)
Will    +....        D - amulet of the acrobat
Stlth   +++          C - ring of protection from fire
HPRegen 1.11/turn    Q - +5 ring of evasion
MPRegen 0.00/turn

%: acrobat, infuse magic (-2 HP)
@: flying
A: sickness immunity, fire resistance 2, cold vulnerability 1, float, innate
caster, HP casting, extra vitality 1
a: Renounce Religion, Curse Item, Shatter the Chains


You were on level 1 of the Lair of Beasts.
You worshipped Ashenzari.
Ashenzari was noncommittal.
You visited 3 branches of the dungeon, and saw 11 of its levels.
You also visited: Sewer.

You collected 599 gold pieces.
You spent 165 gold pieces at shops.

Inventory:

Hand Weapons
 p - a +2 dagger of venom
 x - the cursed +7 flail "Share My Elitism" (weapon) {holy, Cun, Fort}
   (You took it off Edmund on level 4 of the Dungeon)

   It has a curse which improves the following skills: Cunning: Dodging and
   Stealth.
   Fortitude: Armour and Shields.
 A - a +2 dagger of protection
 E - a +0 morningstar of protection
Missiles
 g - 41 poisoned darts (quivered)
Armour
 c - a +0 pair of gloves (worn)
 e - a +0 kite shield (worn)
 l - the +1 robe of Compression {rF+}
   (You found it on level 2 of the Dungeon)

   rF:        It protects you from fire.
 z - a +0 cloak (worn)
 M - a +1 robe of the Archmagi
 N - a +0 robe of willpower
 O - the +4 leather armour of the Desolation of Salt {Str+3}
   (You found it on level 8 of the Dungeon)

   Str:       It affects your strength (+3).
 P - a +0 troll leather armour (worn)
 S - +0 acid dragon scales
 V - a +0 pair of gloves
Jewellery
 C - a ring of protection from fire (left hand)
 D - an amulet of the acrobat (around neck)
 Q - a +5 ring of evasion (right hand)
 R - a +6 ring of dexterity
 T - a ring of resist corrosion
Wands
 F - a wand of flame (10)
 U - a wand of polymorph (5)
 W - a wand of digging (5)
Scrolls
 a - 4 scrolls of poison {unknown}
 b - 2 scrolls of noise {unknown}
 f - a scroll of fear
 h - a scroll of enchant armour
 k - 10 scrolls of teleportation {unknown}
 q - 2 scrolls of blinking
 s - 4 scrolls of enchant weapon {unknown}
 u - a scroll of brand weapon
 v - a scroll of silence
 y - 3 scrolls of fog
 B - 2 scrolls of magic mapping {unknown}
 L - a scroll of vulnerability {unknown}
Potions
 d - 7 potions of curing {unknown}
 i - 4 potions of brilliance
 j - 5 potions of might {unknown}
 m - 3 potions of haste
 o - 5 potions of heal wounds
 r - 3 potions of invisibility {unknown}
 t - 2 potions of magic {unknown}
 w - 4 potions of resistance {unknown}
 G - a potion of mutation
 H - a potion of cancellation
 J - 2 potions of attraction {unknown}
 K - a potion of lignification {unknown}


   Skills:
 + Level 1.9 Fighting
 + Level 1.7(1.8) Maces & Flails
 + Level 0.3 Throwing
 + Level 5.5(5.9) Armour
 + Level 7.1(7.5) Dodging
 + Level 5.4(5.8) Stealth
 + Level 5.4(5.8) Shields
 + Level 11.1 Spellcasting


You knew the following spells:

 Your Spells              Type           Power      Damage    Failure   Level
a - Foxfire               Conj/Fire      100%       2x1d9     1%          1
b - Scorch                Fire           100%       2d9       1%          2
c - Volatile Blastmotes   Fire/Tloc      100%       2d18      1%          3
d - Inner Flame           Hex/Fire       57%        N/A       1%          3
e - Flame Wave            Conj/Fire      57%        2d14      4%          4
f - Apportation           Tloc           100%       N/A       1%          1
g - Searing Ray           Conj           100%       2d8       1%          2
h - Call Canine Familiar  Summ           57%        N/A       1%          3
i - Anguish               Hex/Necr       28%        N/A       4%          4
j - Metabolic Englaciati  Hex/Ice        28%        N/A       12%         5
Your spell library was empty.

Dungeon Overview and Level Annotations

Branches:
Dungeon (9/15)             Temple (1/1) D:4            Lair (1/5) D:9
  Sewer (visited)
    Orc: D:9-12

Altars:
Ashenzari
Cheibriados
Dithmenos
Elyvilon
Fedhas
Gozag
Hepliaklqana
Makhleb
Nemelex Xobeh
Okawaru
Qazlal
Ru
Trog
Uskayaw
Wu Jian
Xom
Yredelemnul
Zin
The Shining One

Shops:
D:5 *   D:9 (


Innate Abilities, Weirdness & Mutations

You are immune to sickness and miasma.
You are immune to poison.
Your flesh is very heat resistant. (rF++)
You are vulnerable to cold. (rC-)
You float through the air rather than walking.
You learn spells naturally, not from books.
Your magical power is your life essence.
You have superior vitality. (+4 MHP)


Message History

The foxfire hits the komodo dragon but does no damage.
The komodo dragon is heavily wounded.
The foxfire hits the komodo dragon.
The komodo dragon is heavily wounded.
The komodo dragon bites you!!
* * * LOW HITPOINT WARNING * * *
The komodo dragon misses you.
Casting: Foxfire (safe; 1% risk of failure)
Confirm with . or Enter, or press ? or * to list all spells.
You conjure some foxfire!
* * * LOW HITPOINT WARNING * * *
The foxfire hits the komodo dragon.
The komodo dragon is severely wounded.
The foxfire hits the komodo dragon.
The komodo dragon is severely wounded.
The komodo dragon barely misses you.
The komodo dragon bites you but does no damage.
Casting: Foxfire (safe; 1% risk of failure)
Confirm with . or Enter, or press ? or * to list all spells.
Casting: Flame Wave (dangerous; 4% risk of failure)
Press: ? - help, Dir - look around, f - activate A wave of flame ripples out!
The flame wave engulfs the komodo dragon!!
You kill the komodo dragon!
The flame wave engulfs your foxfire.
Your foxfire completely resists.
The flame wave engulfs your foxfire.
Your foxfire completely resists.
The flame wave engulfs the komodo dragon!
The komodo dragon is heavily wounded. (Press . to intensify the flame waves.)
* * * LOW HITPOINT WARNING * * *
You hear a bellow!
You hear a loud, deep croak!
You hear a bellow!
You hear an angry hiss.
The foxfire hits the komodo dragon but does no damage.
The komodo dragon is heavily wounded.
The foxfire hits the komodo dragon.
The komodo dragon is heavily wounded.
The komodo dragon bites you!
You die...

........# .(##
..P.#...## ...#
.........###...#
..........#...#####
...................
...................
..........##†.#####
........l<# ..#
......†@†.# ..#
.......§..# ...
...........##..#
.....####### ...
....# #### .... ...
..


You could see a komodo dragon.

Vanquished Creatures
  A centaur warrior (D:8)
  A manticore (D:8)
  A deep elf pyromancer (D:8)
  2 cane toads
  3 komodo dragons (Lair:1)
  A troll (D:9)
  A shadow (D:8)
  2 wyverns (D:8)
  Edmund (D:4)
  A steam dragon (D:8)
  An acid dragon (D:8)
  4 water moccasins
  An ice beast (D:8)
  2 sky beasts (D:7)
  4 orc warriors
  2 wolves (Lair:1)
  4 centaurs
  2 phantoms
  5 kobold brigands
  A bullfrog (D:8)
  A gnoll sergeant (D:8)
  3 scorpions
  8 wights (D:8)
  4 killer bees (D:9)
  4 electric eels (D:9)
  3 howler monkeys (D:9)
  11 hounds
  5 orc priests
  A gnoll bouda (D:5)
  2 sleepcaps
  3 iguanas
  6 orc wizards
  11 gnolls
  9 adders
  2 river rats (D:3)
  A shadow imp (D:7)
  2 white imps
  An ufetubus (D:6)
  2 worms
  6 dart slugs
  18 orcs
  8 endoplasms
  6 giant cockroaches
  6 goblins
  11 hobgoblins
  4 jackals
  20 kobolds
  5 quokkas
  4 ball pythons
  3 bats (Sewer)
  6 frilled lizards
  A goblin skeleton (D:8)
  A hobgoblin zombie (D:8)
  A kobold zombie (D:8)
  An orc skeleton (D:8)
  An orc zombie (D:8)
  6 rats
227 creatures vanquished.

Vanquished Creatures (collateral kills)
  An orc wizard (D:8)
  An endoplasm (D:3)
  A kobold (D:3)
  3 foxfires (Sewer)
6 creatures vanquished.

Vanquished Creatures (others)
  A wyvern (D:8)
  A shadow imp (D:7)
  690 foxfires
692 creatures vanquished.

Grand Total: 925 creatures vanquished

Notes
Turn   | Place    | Note
-------+----------+-------------------------------------------
     0 | D:1      | unlimited1921 the Djinni Fire Elementalist began the quest
                  | for the Orb.
     0 | D:1      | unlimited1921 set off with the following spells memorised:
                  | Foxfire, Scorch, Volatile Blastmotes, Inner Flame, Flame
                  | Wave.
     0 | D:1      | Reached XP level 1. HP: 15/15 MP: 0/0
   182 | D:1      | Reached XP level 2. HP: 19/21 MP: 0/0
   308 | D:1      | Found a faded altar of an unknown god.
  1551 | D:1      | Reached skill level 3 in Spellcasting
  1901 | D:2      | Reached XP level 3. HP: 23/25 MP: 0/0
  1901 | D:2      | Learned a level 1 spell: Apportation
  2038 | D:2      | Identified the +1 robe of Compression {rF+}
  3808 | D:3      | Noticed a scorpion
  3814 | D:3      | Reached XP level 4. HP: 25/31 MP: 0/0
  3815 | D:3      | Killed a scorpion
  3816 | D:3      | Reached XP level 5. HP: 22/35 MP: 0/0
  3816 | D:3      | Learned a level 2 spell: Searing Ray
  4051 | D:3      | Found a glowing drain.
  4059 | Sewer    | Entered a sewer
  4376 | Sewer    | Reached skill level 4 in Spellcasting
  5101 | Sewer    | Noticed a kobold brigand
  5106 | Sewer    | Killed a kobold brigand
  5107 | Sewer    | Reached XP level 6. HP: 32/41 MP: 0/0
  5198 | Sewer    | Reached skill level 5 in Spellcasting
  5198 | Sewer    | Reached XP level 7. HP: 33/46 MP: 0/0
  5198 | Sewer    | Learned a level 3 spell: Call Canine Familiar
  5408 | Sewer    | Reached skill level 1 in Fighting
  6641 | D:3      | Reached skill level 5 in Armour
  6641 | D:3      | Reached skill level 5 in Stealth
  6641 | D:3      | Reached skill level 5 in Shields
  6641 | D:3      | Reached skill level 7 in Spellcasting
  6641 | D:3      | Reached XP level 8. HP: 52/52 MP: 0/0
  7013 | D:4      | Noticed Edmund
  7038 | D:4      | Killed Edmund
  7039 | D:4      | Reached skill level 8 in Spellcasting
  7321 | D:4      | Found a staircase to the Ecumenical Temple.
  7326 | Temple   | Entered the Ecumenical Temple
  8095 | D:5      | Entered Level 5 of the Dungeon
  8533 | D:5      | Reached XP level 9. HP: 53/57 MP: 0/0
  8533 | D:5      | Learned a level 4 spell: Anguish
  9221 | D:5      | Found Xadgh's Assorted Antiques.
  9227 | D:5      | Bought a scroll labelled ODAED REWACOOL for 24 gold pieces
  9227 | D:5      | Bought a green potion for 21 gold pieces
  9227 | D:5      | Bought a wooden wand for 96 gold pieces
  9227 | D:5      | Bought a scroll labelled GINUES JO ASHI for 24 gold pieces
  9491 | D:6      | Reached skill level 1 in Maces & Flails
  9734 | D:6      | Found a broken altar of Ashenzari.
  9789 | D:6      | Became a worshipper of Ashenzari the Shackled
 11423 | D:7      | Reached skill level 9 in Spellcasting
 11564 | D:7      | Reached XP level 10. HP: 59/62 MP: 0/0
 12155 | D:8      | Found a glowing golden altar of the Shining One.
 12242 | D:8      | Found an opulent altar of Gozag.
 12245 | D:8      | Found a basalt altar of Yredelemnul.
 12248 | D:8      | Found an iron altar of Okawaru.
 12248 | D:8      | Found an ornate altar of the Wu Jian Council.
 12271 | D:8      | Identified the +4 leather armour of the Desolation of Salt
                  | {Str+3}
 12820 | D:8      | Found a blossoming altar of Fedhas.
 13478 | D:8      | Noticed a manticore
 13480 | D:8      | Noticed a centaur warrior
 13481 | D:8      | Noticed a deep elf pyromancer
 13485 | D:8      | Reached skill level 10 in Spellcasting
 13485 | D:8      | Killed a manticore
 13485 | D:8      | Killed a centaur warrior
 13485 | D:8      | Killed a deep elf pyromancer
 13486 | D:8      | Reached XP level 11. HP: 42/67 MP: 0/0
 13486 | D:8      | Learned a level 5 spell: Metabolic Englaciation
 13857 | D:9      | Found Zaih's Antique Weapon Boutique.
 15389 | D:9      | Found a staircase to the Lair.
 15780 | Lair:1   | Entered Level 1 of the Lair of Beasts
 15811 | D:9      | Reached skill level 11 in Spellcasting
 16089 | Lair:1   | Slain by a komodo dragon

Illustrated notes

Levels and vault maps discovered:
D:1:      matt_arrival_refuge, layout_loops_ring,
          shapermc_ecumenical_altar_flowoftime
D:2:      layout_basic
D:3:      layout_loops_ring, portal_sewer_entry_e
D:4:      layout_basic, temple_doors_ab, serial_park_tiny_1, minmay_mini_jars,
          uniq_edmund
D:5:      layout_loops_ring, vehumet_crystals, serial_shops, shop
D:6:      layout_gridville, nicolae_ashenzari_skybound,
          chequers_serial_rivers_micro_e
D:7:      layout_basic
D:8:      minmay_chambers_of_sevens, layout_loops_ring,
          mainiacjoe_overflow_surrounded_room, nicolae_tso_besieged_by_evil,
          grunt_temple_overflow_open
D:9:      layout_irregular_city, erik_lair_island, serial_shops, shop
Temple:   eino_temple_lava
Lair:1:   layout_gridlike, beast_lair_carwin_8, serial_bayou_shore_a

Skill      XL: |  1  2  3  4  5  6  7  8  9 10 11 |
---------------+----------------------------------+-----
Spellcasting   | 3 4 5 7 8 9 10 11 | 11.1
Stealth        | 2 5 |  5.4
Dodging        | 3 6 7 |  7.1
Fighting       | 1 |  1.9
Armour         | 5 |  5.5
Shields        | 5 |  5.4
Maces & Flails | 1 |  1.7
Throwing       | |  0.3

Action                     |  1- 3 |  4- 6 |  7- 9 | 10-12 || total
---------------------------+-------+-------+-------+-------++-------
  Melee: Unarmed           |     1 |       |       |       ||     1
         Hand axe          |    24 |     7 |    22 |       ||    53
         Flail             |       |       |    49 |    12 ||    61
  Throw: Dart              |       |     3 |     6 |       ||     9
   Cast: Foxfire           |    98 |    29 |   170 |   117 ||   414
         Scorch            |     1 |    19 |    45 |    46 ||   111
         Inner Flame       |       |     3 |    17 |    32 ||    52
         Volatile Blastmot |       |     1 |       |       ||     1
         Call Canine Famil |       |       |     3 |     5 ||     8
         Flame Wave        |       |       |     2 |     8 ||    10
         Anguish           |       |       |     8 |     8 ||    16
         Metabolic Englaci |       |       |       |     2 ||     2
 Invoke: Curse Item        |       |       |     1 |       ||     1
    Use: Scroll            |     5 |       |     7 |     3 ||    15
         Potion            |       |     1 |     1 |       ||     2
   Stab: Distracted        |       |       |     1 |       ||     1
         Sleeping          |       |       |     1 |     1 ||     2
 Armour: Robe              |     7 |     7 |    17 |     5 ||    36
         Leather armour    |       |       |       |     3 ||     3
         Troll leather arm |       |       |       |     3 ||     3
  Dodge: Dodged            |    12 |    19 |    56 |    38 ||   125
  Block: Kite shield       |       |       |    46 |    34 ||    80
